 Dungeon Sprint DCSS version 0.28-a0-941-g140ffa10cf (webtiles) character file.

Game seed: 16593289059203000293

5020 Turgor the Severer (level 10, -4/102 HPs)
             Began as a Minotaur Berserker on Nov 29, 2021.
             Was an Elder of Trog.
             Slain by a polar bear (6 damage)
             ... in the Dungeon (Sprint II: "The Violet Keep of Menkaure").
             The game lasted 00:13:06 (1490 turns).

Turgor the Severer (Minotaur Berserker)             Turns: 1490, Time: 00:13:08

Health: -4/102     AC: 19    Str: 25    XL:     10   Next: 30%
Magic:  9/9        EV: 15    Int:  4    God:    Trog [****..]
Gold:   203        SH:  0    Dex: 10    Spells: 9/9 levels left

rFire   . . .      SeeInvis .   a - +0 hand axe
rCold   . . .      Faith    .   (no shield)
rNeg    . . .      Spirit   .   i - +4 ring mail of Vlad {rElec}
rPois   .          Reflect  .   (helmet restricted)
rElec   +          Harm     .   b - +1 cloak
rCorr   .          Rampage  .   k - +1 pair of gloves
Will    .....      NoTele   +   j - +1 pair of boots
Stlth   ..........              (no amulet)
HPRegen 0.27/turn               (no ring)
MPRegen 0.11/turn               (no ring)

@: on berserk cooldown, slowed, very slow
A: horns 2, retaliatory headbutt
a: Renounce Religion, Berserk, Trog's Hand, Brothers in Arms


You were in the Dungeon.
You worshipped Trog.
Trog was greatly pleased with you.
You visited 1 branch You collected 972 gold pieces.
You spent 769 gold pieces at shops.

Inventory:

Hand Weapons
 a - a +0 hand axe (weapon)
Armour
 b - a +1 cloak (worn)
 i - the +4 ring mail of Vlad (worn) {rElec}
   (You bought it in a shop in the Dungeon)

   rElec:     It insulates you from electricity.
 j - a +1 pair of boots (worn)
 k - a +1 pair of gloves (worn)
Potions
 f - 2 potions of magic
 g - a potion of berserk rage


   Skills:
 + Level 13.7 Fighting
 * Level 18.5 Axes
 + Level 13.4 Armour
 + Level 12.3 Dodging


You had 9 spell levels left.
You didn't know any spells.
Your spell library was empty.

Dungeon Overview and Level Annotations

Branches:
Dungeon (1/1)

Altars:
Cheibriados
Dithmenos
Elyvilon
Fedhas
Gozag
Hepliaklqana
Kikubaaqudgha
Makhleb
Nemelex Xobeh
Okawaru
Qazlal
Ru
Sif Muna
Trog
Uskayaw
Vehumet
Wu Jian
Xom
Yredelemnul
Zin
The Shining One
Beogh
Jiyva
Lugonu

Shops:
D :=!(:?[=([[:!!(

Annotations:
D exclusion: oklob plant, Roxanne


Innate Abilities, Weirdness & Mutations

You have a pair of horns on your head.
You reflexively headbutt those who attack you in melee.


Message History

You slash the yaktaur! You headbutt the yaktaur.
The yaktaur is almost dead.
You hit the polar bear but do no damage.
You barely miss the crimson imp.
You hit the kobold demonologist but do no damage.
The crimson imp disappears in a puff of smoke!
The crimson imp completely misses you. The polar bear barely misses you.
The polar bear claws you but does no damage. x2
The orange demon stings you from afar!
* * * LOW HITPOINT WARNING * * *
The yaktaur hits you but does no damage.
The skeletal warrior closely misses you.
You hit the yaktaur.
You kill the yaktaur!
Trog accepts your kill.
You hear a splash. x3
You hit the polar bear but do no damage.
You slash the crimson imp! You hit the kobold demonologist.
The kobold demonologist casts a spell.
The crimson imp barely misses you. You furiously retaliate!
You headbutt the crimson imp, but do no damage.
The polar bear bites you but does no damage.
The polar bear claws you but does no damage.
The polar bear barely misses you.
The orange demon stings you but does no damage.
The hornet misses you. You furiously retaliate!
You headbutt the hornet.
Unknown command.
You slash the hornet!
The hornet is heavily wounded.
You hit the polar bear but do no damage.
Your ring mail of Vlad prevents you from hitting the crimson imp.
You hit the kobold demonologist but do no damage.
The skeletal warrior hits you but does no damage.
The kobold demonologist barely misses you.
The crimson imp hits you but does no damage.
The hornet stings you.
* * * LOW HITPOINT WARNING * * *
You feel as though you will be slow longer.
The polar bear bites you.
You die...

§#§##.#### .##. h#K.# ...#
...# #.#####..## #..# .#
$([ #'###.##..# +..#
.#▓???!$ #.##..)#..# #..#
.#▓!|(?= .<.'.#.'..###
.5##.#▓[:!($
#.##...#....###hY.##▓▓▓▓▓▓
#'###.##.§...3zKyh4≈≈≈≈≈≈≈
.#.####≈≈.....5#@########+
.#..#≈§≈§≈≈≈.§§#5†_._._.#§
.#.##≈≈≈≈≈§≈≈.≈#._._._..#≈
#+##≈≈≈≈≈§≈≈§≈≈#_._._._.#≈
h≈≈≈≈≈≈≈§§≈≈≈§≈#._._._._#§
+#+++#§§≈§≈§≈≈≈#.._._._.#≈


SSS§ ##§§≈###≈≈#..._._._#≈ ≈§S≈S≈##§≈# #§≈#...._._.#≈ S§≈≈≈≈≈+≈≈# #§§#....._._#≈
You could see an elephant, a skeletal warrior, a sun demon (summoned), an orange
demon (summoned), 2 polar bears, a kobold demonologist, a hornet, a quasit
(summoned), a crimson imp (summoned) and an ufetubus (summoned).

Vanquished Creatures
  Kirke (D)
  A yaktaur captain (D)
  2 boulder beetles (D)
  A centaur warrior (D)
  A merfolk siren (D)
  A yaktaur (D)
  2 polar bears (D)
  2 wyverns (D)
  A water moccasin (D)
  4 scorpions (D)
16 creatures vanquished.

Vanquished Creatures (others)
  Menkaure (D)
  A water moccasin (D)
2 creatures vanquished.

Grand Total: 18 creatures vanquished

Notes
Turn   | Place    | Note
-------+----------+-------------------------------------------
     0 | D        | Turgor the Minotaur Berserker began the quest for the Orb.
     0 | D        | Reached XP level 1. HP: 19/19 MP: 0/0
     1 | D        | Noticed a scorpion
     1 | D        | Noticed a scorpion
     6 | D        | Killed a scorpion
     7 | D        | Reached skill level 5 in Fighting
     7 | D        | Reached skill level 6 in Axes
     7 | D        | Reached XP level 2. HP: 28/29 MP: 1/1
     7 | D        | Reached XP level 3. HP: 35/36 MP: 2/2
    10 | D        | Killed a scorpion
    11 | D        | Reached skill level 8 in Axes
    11 | D        | Reached skill level 5 in Armour
    11 | D        | Reached skill level 5 in Dodging
    11 | D        | Reached XP level 4. HP: 39/44 MP: 3/3
    12 | D        | Noticed a scorpion
    12 | D        | Noticed a scorpion
    14 | D        | Killed a scorpion
    14 | D        | Reached ** piety under Trog
    15 | D        | Reached skill level 9 in Axes
    15 | D        | Reached XP level 5. HP: 32/51 MP: 4/4
   151 | D        | Killed Menkaure
   274 | D        | Noticed a boulder beetle
   274 | D        | Noticed a boulder beetle
   277 | D        | Noticed a merfolk siren
   287 | D        | Killed a merfolk siren
   288 | D        | Reached skill level 12 in Axes
   288 | D        | Reached XP level 6. HP: 61/63 MP: 5/5
   288 | D        | Reached XP level 7. HP: 68/70 MP: 6/6
   369 | D        | Noticed a wyvern
   369 | D        | Noticed a wyvern
   374 | D        | Killed a wyvern
   377 | D        | Killed a wyvern
   377 | D        | Reached *** piety under Trog
   378 | D        | Reached skill level 13 in Axes
   525 | D        | Killed a boulder beetle
   526 | D        | Reached skill level 10 in Fighting
   526 | D        | Reached skill level 14 in Axes
   526 | D        | Reached skill level 10 in Armour
   526 | D        | Reached XP level 8. HP: 29/81 MP: 7/7
   919 | D        | Killed a boulder beetle
   920 | D        | Reached skill level 15 in Axes
   920 | D        | Reached skill level 10 in Dodging
   920 | D        | Reached XP level 9. HP: 12/89 MP: 8/8
  1199 | D        | Found Jaelolur's Jewellery Boutique.
  1199 | D        | Found Dozocrur's Antique Armour Shop.
  1199 | D        | Found Qemeacs's Antique Armour Shop.
  1199 | D        | Found Nudawk's Distillery.
  1199 | D        | Found Pogrewog's Magic Scroll Boutique.
  1200 | D        | Found Duthuafu's Weapon Shop.
  1200 | D        | Found Xiarom's Book Boutique.
  1200 | D        | Found Roocarphi's Antique Armour Shop.
  1200 | D        | Found Papocw's Book Shop.
  1200 | D        | Found Moryah Qea's Weapon Boutique.
  1201 | D        | Found Vacew's Distillery.
  1201 | D        | Found Paotenou's Antique Weapon Shop.
  1201 | D        | Found Taliv's Distillery.
  1201 | D        | Found Jankayth's Jewellery Boutique.
  1210 | D        | Noticed an oklob plant
  1211 | D        | Found Qoisifug's Book Shoppe.
  1219 | D        | Noticed a shining eye
  1234 | D        | Bought a distressingly furry ring mail for 207 gold pieces
  1234 | D        | Identified the +4 ring mail of Vlad {rElec} (You bought it
                  | in a shop in the Dungeon)
  1234 | D        | Bought a pair of embroidered boots for 172 gold pieces
  1259 | D        | Bought an embroidered cloak for 195 gold pieces
  1259 | D        | Bought a pair of embroidered gloves for 195 gold pieces
  1279 | D        | Noticed a centaur warrior
  1279 | D        | Noticed Kirke
  1279 | D        | Noticed a yaktaur captain
  1280 | D        | Noticed a skeletal warrior
  1281 | D        | Noticed Roxanne
  1294 | D        | Killed a yaktaur captain
  1295 | D        | Reached skill level 16 in Axes
  1305 | D        | Killed a centaur warrior
  1306 | D        | Reached skill level 17 in Axes
  1307 | D        | Noticed an elephant
  1308 | D        | Killed Kirke
  1308 | D        | Reached **** piety under Trog
  1309 | D        | Reached skill level 18 in Axes
  1309 | D        | Reached XP level 10. HP: 57/101 MP: 9/9
  1361 | D        | Found a hazy altar of Hepliaklqana.
  1361 | D        | Found a snail-covered altar of Cheibriados.
  1362 | D        | Found a stormy altar of Qazlal.
  1362 | D        | Found a viscous altar of Jiyva.
  1362 | D        | Found a shadowy altar of Dithmenos.
  1363 | D        | Found a sacrificial altar of Ru.
  1363 | D        | Found an ancient bone altar of Kikubaaqudgha.
  1363 | D        | Found a white marble altar of Elyvilon.
  1364 | D        | Found an ornate altar of the Wu Jian Council.
  1364 | D        | Found a shimmering blue altar of Sif Muna.
  1364 | D        | Found a corrupted altar of Lugonu.
  1365 | D        | Found a shimmering altar of Xom.
  1365 | D        | Found a bloodstained altar of Trog.
  1365 | D        | Found a burning altar of Makhleb.
  1366 | D        | Found a glowing golden altar of the Shining One.
  1366 | D        | Found a basalt altar of Yredelemnul.
  1366 | D        | Found a hide-covered altar of Uskayaw.
  1368 | D        | Found a glowing silver altar of Zin.
  1368 | D        | Found a radiant altar of Vehumet.
  1368 | D        | Found a blossoming altar of Fedhas.
  1368 | D        | Found a sparkling altar of Nemelex Xobeh.
  1369 | D        | Found an opulent altar of Gozag.
  1369 | D        | Found an iron altar of Okawaru.
  1477 | D        | Noticed an orange demon
  1490 | D        | Noticed a sun demon
  1490 | D        | HP: 2/102 [hornet (6)]
  1490 | D        | Slain by a polar bear

Illustrated notes

Levels and vault maps discovered:
D:        the_violet_keep_of_menkaure [sprint2_stairs_cluster_1,
          sprint2_shoproom, sprint2_temple, sprint2_basic_supplies,
          sprint2_obstacle_7, sprint2_obstacle_1, sprint2_obstacle_6,
          sprint2_obstacle_2, sprint2_obstacle_4, sprint2_timed_cluster_1,
          sprint2_smallroom_cluster_1, sprint2_smallroom_final_cluster_1,
          sprint2_transparent_cluster_1, sprint2_second_timed_cluster_1,
          sprint2_sniper_area_1, sprint2_heavy_combat_area_1,
          sprint2_mutation_trap_area_1, sprint2_forest_area_1,
          sprint2_light_combat_area_1, sprint2_behind_water_1,
          sprint2_near_end_vault_1]

Skill      XL: |  1  2  3  4  5  6  7  8  9 |
---------------+----------------------------+-----
Fighting       | 5 6 9 10 11 13 | 13.7
Axes           | 6 8 9 12 14 15 18 | 18.5
Armour         | 4 5 6 8 10 11 13 | 13.4
Dodging        | 4 5 7 9 10 12 | 12.3

Action                   |  1- 3 |  4- 6 |  7- 9 | 10-12 || total
-------------------------+-------+-------+-------+-------++-------
Melee: Hand axe          |     8 |     9 |    75 |    16 ||   108
       Headbutt          |     3 |     3 |    25 |     6 ||    37
Invok: Berserk           |     1 |     1 |     6 |     1 ||     9
       Trog's Hand       |       |     1 |     3 |       ||     4
  Use: Potion            |       |       |     1 |     2 ||     3
       Scroll            |       |       |       |     1 ||     1
Armor: Animal skin       |     1 |       |       |       ||     1
       Ring mail         |       |       |     9 |    22 ||    31
Dodge: Dodged            |     2 |     3 |    16 |    25 ||    46

Table legend: (Time is in decaauts)
 A = Elapsed time spent in this place.
 B = Non-inter-level travel time spent in this place.
 C = Inter-level travel time spent in this place.
 D = Time resting spent in this place.
 E = Time spent auto-exploring this place.
 F = Levels seen in this place.
 G = Mean time per level.
                   A        B        C        D        E       F      G
               +--------+--------+--------+--------+--------+-----+--------+
         Total |   1533 |   1527 |      6 |   1114 |      0 |   1 | 1533.0 |
       Dungeon |   1533 |   1527 |      6 |   1114 |      0 |   1 | 1533.0 |
               +--------+--------+--------+--------+--------+-----+--------+

Top non-repeatable levels by time:
       D: 1533 daAuts
